 Dungeon Crawl Stone Soup version 0.30-a0-860-g512cf1e979 (webtiles) character file.

Game seed: 11435866931055263034

51 cforsyth the Magician (level 3, -6/19 HPs)
             Began as a Deep Elf Earth Elementalist on Mar 7, 2023.
             Killed from afar by Sigmund (8 damage)
             ... with a puff of flame
             ... on level 2 of the Dungeon.
             The game lasted 00:02:46 (976 turns).

cforsyth the Magician (Deep Elf Earth Elementalist)  Turns: 976, Time: 00:02:46

Health: -6/19      AC:  2    Str:  5    XL:     3   Next: 57%
Magic:  1/10       EV: 12    Int: 21    God:
Gold:   105        SH:  0    Dex: 15    Spells: 9/10 levels left

rFire   . . .      SeeInvis .    (no weapon)
rCold   . . .      Faith    .    (no shield)
rNeg    . . .      Spirit   .    a - +0 robe
rPois   .          Reflect  .    (no helmet)
rElec   .          Rampage  .    (no cloak)
rCorr   .                        (no gloves)
Will    .....                    (no boots)
Stlth   ++                       (no amulet)
HPRegen 0.23/turn                (no ring)
MPRegen 0.12/turn                (no ring)

@: no status effects
A: no striking features
a: no special abilities


You were on level 2 of the Dungeon.
You visited 1 branch of the dungeon, and saw 2 of its levels.

You collected 105 gold pieces.

Inventory:

Armour
 a - a +0 robe (worn)
Scrolls
 e - a scroll of poison {unknown}
 f - a scroll of fog {unknown}
 g - a scroll of immolation {unknown}
 h - a scroll of blinking {unknown}
 i - a scroll of identify {unknown}
Potions
 b - a potion of magic
 c - a potion of berserk rage {unknown}
 d - a potion of resistance {unknown}


   Skills:
 - Level 2.4 Dodging
 - Level 2.4 Stealth
 + Level 4.4 Spellcasting
 - Level 1.1 Transmutations
 + Level 4.2 Earth Magic


You had 9 spell levels left.
You knew the following spells:

 Your Spells              Type           Power      Damage    Failure   Level
a - Sandblast             Erth           44%        2d11      1%          1

Your spell library contained the following spells:

 Spells                   Type           Power      Damage    Failure   Level
 Passwall                 Tmut/Erth      12%        N/A       6%          2
 Stone Arrow              Conj/Erth      26%        3d8       14%         3
 Scorch                   Fire           8%         2d5       17%         2
 Petrify                  Tmut/Erth      15%        N/A       36%         4
 Flame Wave               Conj/Fire      4%         2d5       75%         4
 Summon Cactus Giant      Summ           2%         N/A       100%        6


Dungeon Overview and Level Annotations

Branches:
Dungeon (2/15)

Altars:

Annotations:
D:2 Sigmund


Message History

Sigmund is suddenly surrounded by pale red light.
Sigmund barely misses you.
Sigmund hits you from afar with a +0 scythe.
The blast of sand hits Sigmund!
Sigmund is heavily wounded.
Sigmund hits you from afar with a +0 scythe.
The blast of sand hits Sigmund.
Sigmund is severely wounded.
Sigmund misses you.
Sigmund hits you from afar with a +0 scythe.
Your magical contamination has completely faded away.
You are too injured to fight recklessly!
Casting: Sandblast (safe; 1% risk of failure)
Confirm with . or Enter, or press ? or * to list all spells.
Aiming: Sandblast (safe; 1% risk of failure)
Press: ? - help, Shift-Dir - straight line, f/p - Sigmund
Aim: Sigmund, wielding a +0 scythe, wearing a +2 robe of fire resistance and carrying a wand of polymorph (8) (severely wounded, fast, 81% to hit)
The blast of sand misses Sigmund.
Sigmund hits you from afar with a +0 scythe.
* * * LOW HITPOINT WARNING * * *
Unknown command.
Casting: Sandblast (safe; 1% risk of failure)
Confirm with . or Enter, or press ? or * to list all spells.
Aiming: Sandblast (safe; 1% risk of failure)
Press: ? - help, Shift-Dir - straight line, f/p - Sigmund
Aim: Sigmund, wielding a +0 scythe, wearing a +2 robe of fire resistance and carrying a wand of polymorph (8) (severely wounded, fast, 81% to hit)
The blast of sand hits Sigmund.
Sigmund is almost dead.
Sigmund misses you. Sigmund casts a spell at you. The puff of flame misses you.
Casting: Sandblast (safe; 1% risk of failure)
Confirm with . or Enter, or press ? or * to list all spells.
Aiming: Sandblast (safe; 1% risk of failure)
Press: ? - help, Shift-Dir - straight line, f/p - Sigmund
Aim: Sigmund, wielding a +0 scythe, wearing a +2 robe of fire resistance and carrying a wand of polymorph (8) (almost dead, fast, 81% to hit)
The blast of sand misses Sigmund.
Sigmund gestures at you while chanting. The puff of flame hits you!
You die...

##### .#
....?...+...###.#
........###...#.#
....$..>##......#
........##.##..##
........##.###.#########
.......@##.# #....#...†.
........##.# #....#.####
.......@...# #....#.# ##
........:..# #....).###.
.........(.# ######..##.
####+##....# #..##.
###### #...#. #....>
####.# #.# #.#


You could see Sigmund (fast).

Vanquished Creatures
  An adder (D:2)
  3 dart slugs
  A ball python (D:1)
  4 bats (D:1)
  3 endoplasms
  2 giant cockroaches
  3 goblins
  6 hobgoblins
  2 quokkas (D:2)
  3 frilled lizards (D:1)
  2 kobolds (D:2)
  A rat (D:1)
31 creatures vanquished.

Notes
Turn   | Place    | Note
-------+----------+-------------------------------------------
     0 | D:1      | cforsyth the Deep Elf Earth Elementalist began the quest
                  | for the Orb.
     0 | D:1      | Reached XP level 1. HP: 10/10 MP: 6/6
   199 | D:1      | Reached XP level 2. HP: 14/15 MP: 4/8
   711 | D:2      | Reached XP level 3. HP: 19/19 MP: 6/10
   965 | D:2      | Noticed Sigmund
   976 | D:2      | Killed from afar by Sigmund

Illustrated notes

Levels and vault maps discovered:
D:1:      dpeg_arrival_round_b, layout_rooms, kennysheep_boxes
D:2:      minmay_wonky_spiral, layout_basic, uniq_sigmund

Skill      XL: |  1  2 |
---------------+-------+-----
Spellcasting   | 4 |  4.4
Earth Magic    | 4 |  4.2
Dodging        | |  2.4
Stealth        | |  2.4
Transmutations | |  1.1

Action                     || total
---------------------------++-------
   Cast: Sandblast         ||    49
 Armour: Robe              ||     3
  Dodge: Dodged            ||    12

Table legend: (Time is in decaauts)
 A = Elapsed time spent in this place.
 B = Non-inter-level travel time spent in this place.
 C = Inter-level travel time spent in this place.
 D = Time resting spent in this place.
 E = Time spent auto-exploring this place.
 F = Levels seen in this place.
 G = Mean time per level.
                   A        B        C        D        E       F      G
               +--------+--------+--------+--------+--------+-----+--------+
         Total |   1032 |   1009 |     23 |      0 |    825 |   2 |  516.0 |
       Dungeon |   1032 |   1009 |     23 |      0 |    825 |   2 |  516.0 |
               +--------+--------+--------+--------+--------+-----+--------+

Top non-repeatable levels by time:
     D:1: 750 daAuts
     D:2: 281 daAuts
